 Dungeon Crawl Stone Soup version 0.31.0-12-g77e489cdc1 (webtiles) character file.

Game seed: 10435009689557371987

6647 Cheops the Mimic (level 11, -3/72 HPs)
             Began as an Octopode Shapeshifter on Feb 24, 2024.
             Was a Follower of Uskayaw.
             Shot with an arrow by a centaur (12 damage)
             ... on level 9 of the Dungeon.
             The game lasted 00:21:39 (14224 turns).

Cheops the Mimic (Octopode Shapeshifter)           Turns: 14224, Time: 00:21:39

Health: -3/72      AC:  1    Str: 17    XL:     11   Next: 2%
Magic:  11/11      EV: 19    Int: 14    God:    Uskayaw [*.....]
Gold:   637        SH:  5    Dex: 11    Spells: 10/10 levels left

rFire   . .          .
                       - Unarmed
rCold   + . .        (shield currently unavailable)
rNeg    . . .        (helmet restricted)
rPois   .            n - amulet of reflection
rElec   .            l - ring of willpower
rCorr   .            q - ring of protection from cold
SInv    .            F - ring of willpower
Will    ++...        (no ring)
Stlth   ++           (no ring)
HPRegen 0.32/turn    (no ring)
MPRegen 0.12/turn    (no ring)
                     (no ring)

%: reflection
@: about to teleport, flux-form, glowing
A: glow, contaminating, almost no armour, amphibious, 8 rings, camouflage 1,
gelatinous body 1, (nimble swimmer 1), tentacles
a: Begin Untransformation, Renounce Religion, Stomp


You were on level 9 of the Dungeon.
You worshipped Uskayaw.
Uskayaw was noncommittal.
You were something dangerously unstable.
You visited 2 branches of the dungeon, and saw 10 of its levels.

You collected 657 gold pieces.
You spent 20 gold pieces at shops.

Inventory:

Hand Weapons
 a - a +4 dagger
 w - the +1 hammer of Entulid {vamp, ^Fragile rF+++ rC+++ Dex-4}
   (You found it on level 4 of the Dungeon)

   Dex-4:     It affects your dexterity (-4).
   rF+++:     It renders you almost immune to fire.
   rC+++:     It renders you almost immune to cold.
   ^Fragile:  It will be destroyed if unequipped.
Jewellery
 l - a ring of willpower (left tentacle)
 n - an amulet of reflection (around mantle)
 q - a ring of protection from cold (right tentacle)
 F - a ring of willpower (on tentacle)
Talismans
 A - a beast talisman
 B - a flux talisman (active)
Wands
 v - a wand of flame (17)
 y - a wand of polymorph (7)
 E - a wand of mindburst (12)
 G - a wand of quicksilver (8)
Scrolls
 b - 3 scrolls of revelation
 e - 2 scrolls of immolation
 g - 2 scrolls of noise
 m - a scroll of amnesia
 r - a scroll of teleportation
 t - a scroll of fog
 u - a scroll of poison
 C - a scroll of enchant weapon {unknown}
 D - 2 scrolls of blinking
 I - a scroll of torment {unknown}
Potions
 c - a potion of heal wounds {unknown}
 d - 6 potions of curing
 f - a potion of resistance {unknown}
 h - a potion of brilliance {unknown}
 i - a potion of enlightenment {unknown}
 j - 2 potions of might {unknown}
 k - a potion of haste {unknown}
 o - 2 potions of lignification
 p - 2 potions of attraction {unknown}
 s - 2 potions of cancellation {unknown}
 x - a potion of degeneration {unknown}
 z - 2 potions of berserk rage {unknown}
 H - a potion of magic {unknown}
 J - a potion of mutation {unknown}


   Skills:
 - Level 6.0 Fighting
 - Level 6.0 Dodging
 + Level 6.9 Stealth
 - Level 9.1 Unarmed Combat
 - Level 10.0 Shapeshifting


You had 10 spell levels left.
You didn't know any spells.
Your spell library contained the following spells:

 Spells                   Type           Power      Damage    Failure   Level
 Magic Dart               Conj           0%         1d3       28%         1
 Blink                    Tloc           0%         N/A       41%         2
 Call Imp                 Summ           0%         N/A       41%         2
 Jinxbite                 Hex            0%         N/A       41%         2
 Fugue of the Fallen      Necr           0%         N/A       65%         3
 Ozocubu's Armour         Ice            0%         N/A       65%         3
 Anguish                  Hex/Necr       0%         N/A       96%         4
 Cause Fear               Hex            0%         N/A       96%         4
 Manifold Assault         Tloc           0%         N/A       96%         4
 Summon Lightning Spire   Summ/Air       0%         N/A       96%         4
 Lee's Rapid Deconstruct  Erth           0%         3d4*      100%        5
 Yara's Violent Unravell  Hex/Alch       0%         3d3       100%        5
 Sculpt Simulacrum        Ice/Alch       0%         N/A       100%        6
 Enfeeble                 Hex            0%         N/A       100%        7
 Ozocubu's Refrigeration  Ice            0%         4d7       100%        7
 Polar Vortex             Ice            0%         N/A       100%        9
 Animate Armour           Summ/Erth      Unusable   N/A       N/A         4

Dungeon Overview and Level Annotations

Branches:
Dungeon (9/15)             Temple (1/1) D:5            Lair (0/5) D:8
    Orc: D:9-12

Altars:
Ashenzari
Cheibriados
Dithmenos
Elyvilon
Fedhas
Gozag
Hepliaklqana
Kikubaaqudgha
Makhleb
Nemelex Xobeh
Qazlal
Ru
Sif Muna
Trog
Uskayaw
Vehumet
Xom
Yredelemnul
Zin
The Shining One

Shops:
D:6 ?


Innate Abilities, Weirdness & Mutations

You are something dangerously unstable.
You glow with magical radiation, making you easy to see and hit.
Foes you strike become dangerously contaminated with magical radiation.
You are incapable of wielding weapons or throwing items.
You cannot wear most types of armour.
You are amphibious.
You can wear up to eight rings at the same time.
Your skin changes colour to match your surroundings (Stealth+).
Your rubbery body absorbs attacks. (AC +1, EV +1)
((You are camouflaged when in or above water. (Stealth+)))
You have tentacles for arms and can constrict up to eight enemies at once.


Message History

As you read the scroll of teleportation, it crumbles to dust.
You feel strangely unstable.
Your surroundings suddenly seem different. 7 orcs, a centaur, a gnoll sergeant and 3 gnolls come into view.
The gnoll sergeant is wielding a +2 spear of freezing.
A gnoll is wielding a +0 flail and quivering 2 throwing nets.
A gnoll is wielding a +1 flail of protection.
The orc hits you with a +0 club.
* * * LOW HITPOINT WARNING * * *
The gnoll sergeant closely misses you.
The orc throws a boomerang.
The boomerang barely misses you.
The orc priest casts a cantrip, but nothing happens.
The centaur wields a +0 orcbow.
The centaur shoots an arrow.
The arrow barely misses you.
The orc shouts!
The gnoll shouts! x2; The orc shouts!
The gnoll shouts!
Unknown command.
Unknown command.
Unknown command.
Unknown command.
Okay, then.
Unknown command.
Unknown command.
As you read the scroll of teleportation, it crumbles to dust.
You feel strangely unstable.
The orc wizard shouts!
You hear a shout!
The centaur shoots an arrow.
The arrow hits you!
* * * LOW HITPOINT WARNING * * *
The orc completely misses you.
The gnoll throws a throwing net.
The throwing net misses you.
The orc priest looks satisfied for a moment.
The gnoll sergeant hits you with a +2 spear of freezing!
* * * LOW HITPOINT WARNING * * *
The gnoll sergeant freezes you.
* * * LOW HITPOINT WARNING * * *
Unknown command.
Unknown command.
Unknown command.
Unknown command.
You feel better.
The orc shouts!
You hear a shout!
The centaur shoots an arrow.
The arrow hits you!
You die...

#.............
#################.............
#.........<)).).........>.....
#.###############...##########
#...# #### #...# #...# #...#
###.#go####...#
....go.p(###..# ########
.....og.o.##### #.......
###o#.cgoo# ####...#
#....o.... #...# ###.....#8#
#...# #......## #...# #.....##
#...# ##..#.## #...# #.g#
#...#


You could see a gnoll sergeant, a centaur, an orc priest, an orc wizard, 3
gnolls and 6 orcs.

Vanquished Creatures
  Pikel (D:4)
  Maggie (D:7)
  Jeremiah (D:6)
  Sigmund (D:6)
  5 yaks (D:8)
  A wyvern (D:8)
  A basilisk (D:8)
  Eustachio (D:6)
  2 steam dragons
  2 water moccasins
  2 sky beasts
  An orc warrior (D:9)
  4 ice beasts
  3 black bears
  4 centaurs
  4 phantoms
  2 kobold brigands
  A scorpion (D:4)
  11 wights
  3 killer bees (D:9)
  4 howler monkeys (D:9)
  2 hounds
  A jelly (D:4)
  Crazy Yiuf (D:4)
  2 bombardier beetles (D:5)
  8 orc priests
  A gnoll bouda (D:6)
  Terence (D:2)
  11 orc wizards
  6 iguanas
  A sleepcap (D:6)
  7 gnolls
  3 adders
  6 white imps
  2 ufetubi (D:6)
  3 ribbon worms
  4 dart slugs
  37 orcs
  4 ball pythons
  7 bats
  9 endoplasms
  4 giant cockroaches
  9 goblins
  9 hobgoblins
  15 jackals
  2 quokkas
  6 frilled lizards
  23 kobolds
  3 rats
242 creatures vanquished.

Notes
Turn   | Place    | Note
-------+----------+-------------------------------------------
     0 | D:1      | Cheops the Octopode Shapeshifter began the quest for the
                  | Orb.
     0 | D:1      | Reached XP level 1. HP: 13/13 MP: 1/1
   162 | D:1      | Reached XP level 2. HP: 18/18 MP: 2/2
   427 | D:1      | Reached XP level 3. HP: 23/23 MP: 3/3
  1461 | D:2      | Reached XP level 4. HP: 27/28 MP: 4/4
  1548 | D:2      | Reached skill level 5 in Unarmed Combat
  1702 | D:2      | Found a shimmering altar of Xom.
  1946 | D:2      | Noticed Terence
  1953 | D:2      | Killed Terence
  2306 | D:3      | Reached XP level 5. HP: 33/33 MP: 5/5
  2316 | D:3      | Reached skill level 4 in Shapeshifting
  2506 | D:3      | Found a shimmering altar of Xom.
  2702 | D:4      | Reached XP level 6. HP: 23/38 MP: 6/6
  2789 | D:4      | Reached skill level 5 in Shapeshifting
  2959 | D:4      | Noticed Pikel
  2973 | D:4      | Killed Pikel
  2974 | D:4      | Reached skill level 7 in Shapeshifting
  2974 | D:4      | Reached XP level 7. HP: 26/43 MP: 7/7
  3223 | D:4      | Found a snail-covered altar of Cheibriados.
  3412 | D:4      | Identified the +1 hammer of Entulid {vamp, ^Fragile rF+++
                  | rC+++ Dex-4}
  3415 | D:4      | Found a runed translucent door.
  3416 | D:4      | Noticed Crazy Yiuf
  3545 | D:4      | Killed Crazy Yiuf
  3613 | D:5      | Entered Level 5 of the Dungeon
  3743 | D:5      | Reached skill level 8 in Shapeshifting
  3743 | D:5      | Reached XP level 8. HP: 13/48 MP: 8/8
  3897 | D:5      | Found a staircase to the Ecumenical Temple.
  3967 | D:5      | Found a stormy altar of Qazlal.
  4016 | Temple   | Entered the Ecumenical Temple
  4058 | D:5      | Found a sparkling altar of Nemelex Xobeh.
  4619 | D:5      | Reached skill level 9 in Shapeshifting
  4986 | D:6      | Noticed Sigmund
  5166 | D:6      | Killed Sigmund
  5167 | D:6      | Reached skill level 10 in Shapeshifting
  5167 | D:6      | Reached XP level 9. HP: 53/53 MP: 9/9
  5945 | D:6      | Found Latagor's Magic Scroll Boutique.
  5945 | D:6      | Noticed Jeremiah
  6481 | D:6      | Killed Jeremiah
  6658 | D:6      | Bought a scroll of identify for 20 gold pieces
  6680 | D:6      | Found an opulent altar of Gozag.
  6736 | D:6      | Noticed Eustachio
  6741 | D:6      | Killed Eustachio
  6850 | D:7      | Noticed Maggie
  6863 | D:7      | Killed Maggie
  6864 | D:7      | Reached XP level 10. HP: 23/62 MP: 10/10
  7117 | D:7      | Found a broken altar of Ashenzari.
  7696 | D:7      | Found a hide-covered altar of Uskayaw.
  7979 | D:7      | Found a sacrificial altar of Ru.
  8162 | D:7      | Found a blossoming altar of Fedhas.
  8327 | D:7      | Found a glowing golden altar of the Shining One.
  8447 | D:8      | Found a burning altar of Makhleb.
  8538 | D:8      | Reached skill level 5 in Dodging
  8674 | D:8      | Found a staircase to the Lair.
  8685 | D:8      | Reached skill level 5 in Fighting
  8955 | D:8      | Found a bloodstained altar of Trog.
  9109 | D:8      | Reached skill level 1 in Stealth
  9208 | D:8      | Found a glowing silver altar of Zin.
  9208 | D:8      | Noticed an angel
  9257 | D:8      | Found a hazy altar of Hepliaklqana.
  9363 | D:7      | Became a worshipper of Uskayaw the Reveller
 10330 | D:2      | Reached * piety under Uskayaw
 10677 | D:2      | Found a shimmering altar of Xom.
 10987 | D:3      | Found a shimmering altar of Xom.
 11299 | D:4      | Found a snail-covered altar of Cheibriados.
 11667 | D:5      | Found a sparkling altar of Nemelex Xobeh.
 11773 | D:5      | Found a stormy altar of Qazlal.
 11965 | D:5      | Found a staircase to the Ecumenical Temple.
 12245 | D:6      | Found an opulent altar of Gozag.
 12355 | D:6      | Found Latagor's Magic Scroll Boutique.
 12552 | D:7      | Found a hide-covered altar of Uskayaw.
 12569 | D:7      | Found a broken altar of Ashenzari.
 12776 | D:7      | Found a sacrificial altar of Ru.
 12839 | D:7      | Found a glowing golden altar of the Shining One.
 12960 | D:7      | Found a blossoming altar of Fedhas.
 13019 | D:8      | Found a staircase to the Lair.
 13056 | D:8      | Found a hazy altar of Hepliaklqana.
 13157 | D:8      | Found a burning altar of Makhleb.
 13318 | D:8      | Found a bloodstained altar of Trog.
 13395 | D:8      | Found a glowing silver altar of Zin.
 13428 | D:9      | Reached ** piety under Uskayaw
 13432 | D:9      | Reached *** piety under Uskayaw
 13460 | D:9      | Reached **** piety under Uskayaw
 13465 | D:9      | Reached ***** piety under Uskayaw
 13780 | D:9      | Reached skill level 5 in Stealth
 14095 | D:9      | Reached XP level 11. HP: 69/72 MP: 11/11
 14224 | D:9      | Shot with an arrow by a centaur

Illustrated notes

Levels and vault maps discovered:
D:1:      sevenhm_arrival_forest_fort_large_2, layout_basic, minmay_bisected
D:2:      layout_loops_ring, basic_altar, uniq_terence
D:3:      layout_basic, mainiacjoe_overflow_alcove_2,
          nicolae_kite_square_tiling_tiny
D:4:      layout_loops_cross, kennysheep_slug_shrine, palyth_stone_intersect,
          uniq_crazy_yiuf_cottage, uniq_pikel
D:5:      layout_gridville, nemelex_diamond_rough_becter,
          lemuel_coloured_pillars_altar, minmay_temple_entry_offerings,
          minmay_pentangle
D:6:      layout_basic, nicolae_overflow_crystal_walls, serial_shops, shop,
          uniq_sigmund, uniq_eustachio, uniq_jeremiah
D:7:      layout_rooms, nicolae_ashenzari_panopticon, lemuel_round_altar,
          amcnicky_altar_gilded, nicolae_tso_swordbearing_angel,
          mainiacjoe_overflow_paths, uniq_maggie
D:8:      layout_rooms, trog_hazing_becter, mainiacjoe_overflow_alcove_4,
          nicolae_hepliaklqana_hippocampus, zin_angel, david_lair_generic
D:9:      layout_long_grid, hiddenorc1_lemuel
Temple:   hellmonk_temple_two_chambers

Skill      XL: |  1  2  3  4  5  6  7  8  9 10 |
---------------+-------------------------------+-----
Unarmed Combat | 4 5 9 |  9.1
Shapeshifting  | 4 7 8 10 | 10.0
Fighting       | 2 6 |  6.0
Dodging        | 3 6 |  6.0
Stealth        | 6 |  6.9

Action                     |  1- 3 |  4- 6 |  7- 9 | 10-12 || total
---------------------------+-------+-------+-------+-------++-------
  Melee: Unarmed           |    59 |    91 |   243 |   233 ||   626
         Tentacles         |    12 |    27 |    68 |    59 ||   166
         Constrict         |    11 |    24 |    60 |    52 ||   147
         Punch             |     2 |     3 |     1 |       ||     6
Ability: Begin Untransform |     1 |     2 |     3 |     2 ||     8
    Use: Potion            |       |     1 |       |     1 ||     2
         Scroll            |       |       |    11 |     2 ||    13
   Stab: Sleeping          |     4 |     3 |     2 |     1 ||    10
         Distracted        |       |     1 |       |       ||     1
         Paralysed         |       |       |       |     6 ||     6
 Armour: Skin              |    26 |    36 |   101 |    94 ||   257
  Dodge: Dodged            |    23 |    52 |   131 |   154 ||   360
  Block: Other             |       |    17 |    52 |    44 ||   113
         Reflection        |       |     1 |     3 |    12 ||    16
   Form: Beast             |     1 |     2 |       |       ||     3
         Flux              |       |       |     4 |     2 ||     6
